12 | 0:01 | SCV | |
13 | 0:13 | SCV | |
14 | 0:18 | Supply Depot | |
14 | 0:26 | SCV | |
15 | 0:32 | Refinery | |
15 | 0:42 | Barracks | |
15 | 0:46 | SCV | |
16 | 0:56 | Refinery | |
16 | 0:58 | SCV | |
17 | 1:11 | SCV | |
18 | 1:23 | SCV | |
19 | 1:30 | Reaper | |
20 | 1:40 | Factory | |
21 | 1:50 | Orbital Command | |
21 | 1:53 | Supply Depot | |
20 | 2:03 | Reaper | |
21 | 2:22 | SCV | |
22 | 2:26 | Hellion | |
22 | 2:28 | Starport | |
22 | 2:32 | Supply Depot | |
24 | 2:37 | Reaper | |
25 | 2:42 | SCV | |
26 | 2:50 | Hellion | |
26 | 2:54 | SCV | |
29 | 3:15 | Reaper | |
29 | 3:16 | Hellion, Medivac | |
32 | 3:29 | SCV | |
33 | 3:41 | Command Center | |
33 | 3:42 | Hellion | |
33 | 3:43 | SCV | |
36 | 3:47 | Supply Depot | |
36 | 3:53 | Starport Tech Lab | |
36 | 3:55 | Reaper | |
36 | 3:56 | SCV | |
38 | 4:16 | Banshee, Cloaking Field | |
38 | 4:18 | Hellion | |
39 | 4:38 | Reaper, SCV | |
39 | 4:42 | Command Center | |
43 | 4:51 | Hellion | |
43 | 4:53 | SCV | |
44 | 4:58 | Orbital Command | |
44 | 5:03 | Raven | |
46 | 5:14 | Hellion | |
46 | 5:15 | Reaper | |
49 | 5:26 | SCV | |
49 | 5:27 | SCV | |
51 | 5:36 | Factory | |
51 | 5:37 | Factory | |
51 | 5:39 | SCV x2 | |
49 | 5:51 | SCV | |
49 | 5:55 | Hellion | |
49 | 5:56 | Reaper | |
52 | 5:57 | Viking | |
52 | 6:01 | Orbital Command | |
52 | 6:03 | SCV x2 | |
52 | 6:16 | SCV x2 | |
52 | 6:17 | Hellion |
On March 19, 2016, 6:05 a.m., Tygo said:
does it counter 4 rax reaper? thats all i really want to know lol
On Nov. 18, 2015, 1:48 a.m., MorN said:
Great build, I have been using this on ladder and its fun! Gj!